 Dungeon Crawl Stone Soup version 0.26.1-11-gd32895ea62 (webtiles) character file.

Game seed: 151777650249465752

334 Almogavar the Magician (level 6, -14/44 HPs)
             Began as a Gnoll Wanderer on Apr 21, 2021.
             Was an Initiate of Sif Muna.
             Demolished by Menkaure (23 damage)
             ... on level 5 of the Dungeon.
             The game lasted 00:24:26 (4754 turns).

Almogavar the Magician (Gnoll Wanderer)             Turns: 4754, Time: 00:24:28

Health: -14/44     AC:  4    Str: 15    XL:     6   Next: 53%
Magic:  25/25      EV: 12    Int: 14    God:    Sif Muna [......]
Gold:   242        SH:  5    Dex: 16    Spells: 18/19 levels left

rFire    . . .     SeeInvis .   a - +0 dagger (venom)
rCold    . . .     Faith    .   (no shield)
rNeg     . . .     Spirit   .   j - +0 leather armour
rPois    .         Reflect  +   (no helmet)
rElec    .         Harm     .   (no cloak)
rCorr    .         Rampage  .   (no gloves)
Will     .....                  k - +0 pair of boots
Stlth    ++++......             g - amulet of reflection
HPRegen  0.14/turn              b - ring of magical power
MPRegen  0.19/turn              s - ring of stealth

@: no status effects
A: distributed training, fangs 1, strong nose
a: Renounce Religion


You were on level 5 of the Dungeon.
You worshipped Sif Muna.
Sif Muna was noncommittal.
You visited 1 branch of the dungeon, and saw 5 of its levels.

You collected 242 gold pieces.

Inventory:

Hand Weapons
 a - a +0 dagger of venom (weapon)
Armour
 j - a +0 leather armour (worn)
 k - a +0 pair of boots (worn)
 w - a +0 scale mail
 y - a +0 ring mail
Jewellery
 b - a ring of magical power (left hand)
 g - an amulet of reflection (around neck)
 m - an uncursed amulet of regeneration
 o - an uncursed ring of flight
 p - an uncursed ring of ice
 s - a ring of stealth (right hand)
Wands
 t - a wand of digging (3)
Scrolls
 d - a scroll of amnesia
 e - a scroll of magic mapping
 f - 6 scrolls of remove curse
 h - a scroll of fog
 l - a scroll of noise {unknown}
 n - 3 scrolls of teleportation
 x - 2 scrolls of blinking {unknown}
Potions
 i - a potion of invisibility
 q - a potion of magic
 v - a potion of resistance {unknown}
 z - a potion of cancellation {unknown}


   Skills:
 + Level 2.0 Fighting
 + Level 2.0 Short Blades
 + Level 2.0 Long Blades
 + Level 2.0 Axes
 + Level 2.0 Maces & Flails
 + Level 2.0 Polearms
 + Level 2.0 Staves
 + Level 2.0 Slings
 + Level 2.0 Bows
 + Level 2.0 Crossbows
 + Level 2.0 Throwing
 + Level 2.0 Armour
 + Level 2.0 Dodging
 + Level 4.6 Stealth
 + Level 2.0 Shields
 + Level 2.0 Unarmed Combat
 + Level 7.4 Spellcasting
 + Level 1.5 Conjurations
 + Level 2.6 Hexes
 + Level 1.5 Summonings
 + Level 1.5 Necromancy
 + Level 2.6 Translocations
 + Level 4.1 Transmutations
 + Level 2.6 Fire Magic
 + Level 1.5 Ice Magic
 + Level 1.5 Air Magic
 + Level 1.5 Earth Magic
 + Level 1.5 Poison Magic
 + Level 2.2 Invocations
 + Level 2.0 Evocations


You had 18 spell levels left.
You knew the following spells:

 Your Spells              Type           Power        Failure   Level
a - Magic Dart            Conj           36%          9%          1

Your spell library contained the following spells:

 Spells                   Type           Power        Failure   Level
 Apportation              Tloc           24%          5%          1
 Shock                    Conj/Air       36%          9%          1
 Blink                    Tloc           N/A          9%          2
 Slow                     Hex            12%          9%          2
 Call Imp                 Summ           9%           13%         2
 Teleport Other           Tloc           12%          17%         3
 Conjure Flame            Conj/Fire      11%          22%         3
 Mephitic Cloud           Conj/Pois/Air  9%           26%         3


Dungeon Overview and Level Annotations

Branches:
Dungeon (5/15)
 Temple: D:4-7

Altars:
Elyvilon
Kikubaaqudgha
Qazlal
Sif Muna
Trog
Uskayaw
Wu Jian

Annotations:
D:5 Menkaure


Innate Abilities, Weirdness & Mutations

Your experience applies equally to all skills.
You have very sharp teeth.
Your uncanny sense of smell can sniff out nearby items.


Message History

You hit Menkaure but do no damage.
Menkaure is severely damaged.
Menkaure murmurs, "It doesn't hurt if you pull your brain out of your nose yourself."
Menkaure points at you and mumbles some strange words.
Pain shoots through your body!
* * * LOW HITPOINT WARNING * * *
You hit Menkaure.
Menkaure is almost destroyed.
Menkaure barely misses you.
Unknown command.
You barely miss Menkaure.
Menkaure is almost destroyed.
Menkaure misses you.
Unknown command.
You completely miss Menkaure. You bite Menkaure.
Menkaure is almost destroyed.
Menkaure whispers, "It doesn't hurt if you pull your brain out of your nose yourself."
Menkaure hits you!!
Ouch! That really hurt!
You die...

#....#.......
+....#........# ∆
#....#........#
#....#........# ∆ ...
#........# #.# #..#
....#
########.###.$##....#
#............:......#
#..............@M...#
#<..................#
#...................#
#...................#
#####################


You could see Menkaure (fast).

Vanquished Creatures
  A howler monkey (D:3)
  Ijyb (D:3)
  3 orc wizards
  A worker ant (D:4)
  Terence (D:3)
  4 adders
  A gnoll (D:3)
  A white imp (D:3)
  An ooze (D:3)
  A worm (D:3)
  3 dart slugs
  A leopard gecko (D:1)
  4 orcs
  2 ball pythons
  2 giant cockroaches (D:4)
  5 goblins
  4 hobgoblins
  11 jackals
  11 kobolds
  4 quokkas
  6 bats
  2 frilled lizards (D:1)
  A leopard gecko skeleton (D:4)
  6 rats
77 creatures vanquished.

Notes
Turn   | Place    | Note
-------+----------+-------------------------------------------
     0 | D:1      | Almogavar the Gnoll Wanderer began the quest for the Orb.
     0 | D:1      | Almogavar set off with the following items: a +0 dagger, a
                  | potion of curing, a +0 robe; and the following spells
                  | available to memorise: Apportation, Blink, Slow, Magic
                  | Dart, Teleport Other, Call Imp, Conjure Flame, Mephitic
                  | Cloud
     0 | D:1      | Reached XP level 1. HP: 13/13 MP: 8/8
    11 | D:1      | Learned a level 1 spell: Magic Dart
   231 | D:1      | Reached XP level 2. HP: 19/19 MP: 10/10
   490 | D:1      | You fall into a shaft and drop 1 floor!
   715 | D:2      | Reached XP level 3. HP: 25/25 MP: 11/11
  1284 | D:2      | Found a stormy altar of Qazlal.
  1302 | D:2      | Reached skill level 1 in Invocations
  1696 | D:3      | Reached skill level 1 in Fighting
  1696 | D:3      | Reached skill level 1 in Short Blades
  1696 | D:3      | Reached skill level 1 in Long Blades
  1696 | D:3      | Reached skill level 1 in Axes
  1696 | D:3      | Reached skill level 1 in Maces & Flails
  1696 | D:3      | Reached skill level 1 in Polearms
  1696 | D:3      | Reached skill level 1 in Staves
  1696 | D:3      | Reached skill level 1 in Slings
  1696 | D:3      | Reached skill level 1 in Bows
  1696 | D:3      | Reached skill level 1 in Crossbows
  1696 | D:3      | Reached skill level 1 in Throwing
  1696 | D:3      | Reached skill level 1 in Armour
  1696 | D:3      | Reached skill level 1 in Dodging
  1696 | D:3      | Reached skill level 1 in Shields
  1696 | D:3      | Reached skill level 1 in Unarmed Combat
  1696 | D:3      | Reached skill level 1 in Evocations
  1696 | D:3      | Reached XP level 4. HP: 32/32 MP: 13/13
  1721 | D:3      | Found an ornate altar of the Wu Jian Council.
  2627 | D:3      | Noticed Terence
  2634 | D:3      | Killed Terence
  2635 | D:3      | Reached skill level 1 in Conjurations
  2635 | D:3      | Reached skill level 1 in Summonings
  2635 | D:3      | Reached skill level 1 in Necromancy
  2635 | D:3      | Reached skill level 1 in Ice Magic
  2635 | D:3      | Reached skill level 1 in Air Magic
  2635 | D:3      | Reached skill level 1 in Earth Magic
  2635 | D:3      | Reached skill level 1 in Poison Magic
  2700 | D:3      | Noticed Ijyb
  2702 | D:3      | Paralysed by Ijyb for 6 turns
  2717 | D:3      | Paralysed by Ijyb for 3 turns
  2725 | D:3      | Killed Ijyb
  2726 | D:3      | Reached XP level 5. HP: 27/37 MP: 14/14
  2933 | D:3      | Found a bloodstained altar of Trog.
  3151 | D:3      | Found a shimmering blue altar of Sif Muna.
  3154 | D:3      | Identified Sif Muna's Disquisition on Flight
  3157 | D:3      | Became a worshipper of Sif Muna the Loreminder
  3710 | D:4      | Reached XP level 6. HP: 38/44 MP: 16/16
  3885 | D:4      | Found a white marble altar of Elyvilon.
  3895 | D:4      | Found an ancient bone altar of Kikubaaqudgha.
  3916 | D:4      | Noticed a +0 dagger
  3916 | D:4      | Noticed a +0 hand axe
  3918 | D:4      | Found a hide-covered altar of Uskayaw.
  4720 | D:5      | Entered Level 5 of the Dungeon
  4731 | D:5      | Noticed Menkaure
  4754 | D:5      | Demolished by Menkaure

Illustrated notes

Levels and vault maps discovered:
D:1:      dpeg_arrival_orchard, layout_basic, serial_bayou_pond_c,
          kennysheep_small_spiral
D:2:      minmay_angry_zag, layout_loops_ring, nicolae_qazlal_eye_of_the_storm
D:3:      cheibrodos_old_hovel, layout_loops_cross,
          nzn_overflow_gifts_of_might_and_magic, nicolae_overflow_crystal_walls,
          uniq_ijyb, uniq_terence
D:4:      layout_gridville, grunt_temple_overflow_open, dancing_weapons_uskayaw
D:5:      layout_gridville, vehumet_statue, nemelex_xobeh_ov_fountains_minmay,
          old_standard_altar, minmay_misc_feat_rugged,
          nicolae_tso_swordbearing_angel, uniq_grinder, uniq_menkaure

Skill      XL: |  1  2  3  4  5  6 |
---------------+-------------------+-----
Hexes          | 2 |  2.6
Translocations | 2 |  2.6
Fire Magic     | 2 |  2.6
Invocations    | 1 2 |  2.2
Fighting       | 1 2 |  2.0
Short Blades   | 1 2 |  2.0
Long Blades    | 1 2 |  2.0
Axes           | 1 2 |  2.0
Maces & Flails | 1 2 |  2.0
Polearms       | 1 2 |  2.0
Staves         | 1 2 |  2.0
Slings         | 1 2 |  2.0
Bows           | 1 2 |  2.0
Crossbows      | 1 2 |  2.0
Throwing       | 1 2 |  2.0
Armour         | 1 2 |  2.0
Dodging        | 1 2 |  2.0
Shields        | 1 2 |  2.0
Unarmed Combat | 1 2 |  2.0
Evocations     | 1 2 |  2.0
Conjurations   | 1 |  1.5
Summonings     | 1 |  1.5
Necromancy     | 1 |  1.5
Ice Magic      | 1 |  1.5
Air Magic      | 1 |  1.5
Earth Magic    | 1 |  1.5
Poison Magic   | 1 |  1.5
Transmutations | 4 |  4.1
Stealth        | |  4.6
Spellcasting   | |  7.4

Action                   |  1- 3 |  4- 6 || total
-------------------------+-------+-------++-------
Melee: Dagger            |    42 |   114 ||   156
       Bite              |     3 |    20 ||    23
 Cast: Magic Dart        |    74 |    92 ||   166
  Use: Scroll            |     4 |     7 ||    11
       Potion            |       |     2 ||     2
 Stab: Sleeping          |     5 |    10 ||    15
Armor: Robe              |     5 |       ||     5
       Leather armour    |     7 |    24 ||    31
Dodge: Dodged            |    30 |    38 ||    68
Block: Other             |    12 |    19 ||    31
       Reflection        |     1 |     1 ||     2
